 Dungeon Crawl Stone Soup version 0.22-a0-609-gfedc9ff (webtiles) character file.

104 Dancorps13 the Sneak (level 4, -8/33 HPs)
             Began as a Vampire Assassin on July 11, 2018.
             Shot with an arrow by a centaur (13 damage)
             ... on level 3 of the Dungeon.
             The game lasted 00:19:11 (3300 turns).

Dancorps13 the Sneak (Vampire Assassin)             Turns: 3300, Time: 00:19:12

Health: -8/33      AC:  0    Str: 10    XL:     4   Next: 52%
Magic:  2/4        EV: 20    Int: 13    God:
Gold:   37         SH:  0    Dex: 21    Spells: 3/3 levels left

rFire    . . .     SeeInvis +   (weapon currently unavailable)
rCold    . . .     Gourm    .   (shield currently unavailable)
rNeg     + . .     Faith    .   (armour currently unavailable)
rPois    .         Spirit   .   (helmet currently unavailable)
rElec    .         Reflect  .   (cloak currently unavailable)
rCorr    .         Harm     .   (gloves currently unavailable)
MR       .....                  (boots currently unavailable)
Stlth    ++++++....             (no amulet)
HPRegen  0.11/turn              (ring currently unavailable)
MPRegen  0.09/turn              (ring currently unavailable)

@: bat-form, flying, very quick
A: tiny, fangs 3, see invisible
a: End Transformation


You were on level 3 of the Dungeon.
You were not thirsty.
You were in vampire-bat-form.
You visited 1 branch of the dungeon, and saw 3 of its levels.

You collected 37 gold pieces.

Inventory:

Hand Weapons
 a - a +2 dagger (melded)
 b - a +0 blowgun
Missiles
 e - 8 poisoned needles
 f - 2 curare-tipped needles
 i - 41 stones (quivered)
Armour
 c - a +0 robe (melded)
 d - a +0 cloak (melded)
 n - a +0 buckler
Scrolls
 h - 7 scrolls of identify {unknown}
 j - 2 scrolls of blinking {unknown}
 l - a scroll of amnesia {unknown}
 o - a scroll of remove curse {unknown}
 s - a scroll of teleportation {unknown}
Potions
 g - 7 potions of blood
 k - a potion of mutation {unknown}
 m - a potion of berserk rage {unknown}
 p - a potion of flight {unknown}
 q - a potion of heal wounds {unknown}
 r - a potion of curing {unknown}


   Skills:
 - Level 1.7 Fighting
 * Level 3.9 Short Blades
 - Level 1.5 Throwing
 + Level 2.3 Dodging
 + Level 6.7 Stealth
 + Level 1.0 Shields


You had 3 spell levels left.
You didn't know any spells.
Your spell library was empty.

Dungeon Overview and Level Annotations

Branches:
Dungeon (3/15)

Altars:
Yredelemnul

Annotations:
D:3 1 runed door


Innate Abilities, Weirdness & Mutations

You have razor-sharp teeth.
You have supernaturally acute eyesight. (SInv)
((You can survive without breathing.))


Message History

The centaur hits you.
You hit the centaur but do no damage.
The centaur is heavily wounded.
The centaur completely misses you.
A hobgoblin comes into view.
The centaur wields an uncursed shortbow of flaming.
It bursts into flame!
The centaur shoots an arrow.
The arrow hits you.
* * * LOW HITPOINT WARNING * * *
The arrow burns you.
* * * LOW HITPOINT WARNING * * *
The centaur shoots an arrow.
The arrow closely misses you.
You see here an arrow.
You fail to use your ability.
You turn into a vampire bat.
Your +2 dagger melds into your body.
Your +0 cloak melds into your body.
Your +0 robe melds into your body.
The centaur unwields an uncursed shortbow of flaming.
It stops flaming.
The centaur barely misses you.
The centaur wields an uncursed shortbow of flaming.
It bursts into flame!
The centaur shoots an arrow.
The arrow hits you!
You die...

### #####...##.#
#.####..........#
#............####
###########..# ###
#######..# #..
.......).# #.#
#######<##
###.###.###########รท#
.....gZc(b...(......#
#####################


You could see a centaur, a hobgoblin and a leopard gecko skeleton.

Vanquished Creatures
  3 adders
  An ooze (D:1)
  3 dart slugs
  4 leopard geckos
  An orc (D:3)
  A ball python (D:2)
  7 bats
  2 giant cockroaches
  11 hobgoblins
  7 jackals (D:1)
  A kobold (D:1)
  A quokka (D:3)
  4 frilled lizards (D:1)
  4 goblins
  8 rats
58 creatures vanquished.

Notes
Turn   | Place    | Note
-------+----------+-------------------------------------------
     0 | D:1      | Dancorps13 the Vampire Assassin began the quest for the Orb.
     0 | D:1      | Reached XP level 1. HP: 16/16 MP: 1/1
   164 | D:1      | Reached skill level 6 in Stealth
   175 | D:1      | Reached XP level 2. HP: 21/22 MP: 2/2
   316 | D:1      | Reached XP level 3. HP: 18/27 MP: 3/3
  1192 | D:2      | Found a basalt altar of Yredelemnul.
  1245 | D:2      | Reached XP level 4. HP: 29/33 MP: 4/4
  1557 | D:3      | Noticed a centaur
  2005 | D:3      | HP: 1/33 [hobgoblin (3)]
  3053 | D:3      | Reached skill level 1 in Shields
  3240 | D:3      | Found a runed door.
  3300 | D:3      | Shot with an arrow by a centaur

Vault maps used:
D:1:      eino_arrival_cavern_c
D:2:      lemuel_round_altar
D:3:      first_ration, uniq_crazy_yiuf_cottage

Skill      XL: |  1  2  3  4 |
---------------+-------------+-----
Stealth        | 6 |  6.7
Short Blades   | 3 |  3.9
Dodging        | 2 |  2.3
Shields        | 1 |  1.0
Fighting       | |  1.7
Throwing       | |  1.5

Action                   |  1- 3 |  4- 6 || total
-------------------------+-------+-------++-------
Melee: Dagger            |   138 |    66 ||   204
       Bite              |     8 |     8 ||    16
       Unarmed           |       |     5 ||     5
Throw: Stone             |     4 |     4 ||     8
 Abil: Bat Form          |       |     2 ||     2
       End Transformatio |       |     1 ||     1
  Use: Potion            |       |     5 ||     5
 Stab: Sleeping          |     6 |     1 ||     7
  Eat: Corpse            |     1 |     1 ||     2
Armor: Robe              |    30 |    29 ||    59
Dodge: Dodged            |    90 |    85 ||   175

Table legend:
 A = Spawn XP
 B = Non-spawn XP
 C = Spawn XP percentage of total XP
 D = Spawn monster count
 E = Non-spawn monster count
 F = Spawn count percentage of total count
 G = Total turns spent on level
                    A         B        C        D         E        F      G
               +---------+---------+-------+---------+---------+-------+---------
         Total |       0 |     149 |   0.0 |       0 |      58 |   0.0 |  3300
               +---------+---------+-------+---------+---------+-------+---------
           D:1 |       0 |      60 |   0.0 |       0 |      31 |   0.0 |  1367
           D:2 |       0 |      51 |   0.0 |       0 |      16 |   0.0 |  1303
           D:3 |       0 |      38 |   0.0 |       0 |      11 |   0.0 |   630
               +---------+---------+-------+---------+---------+-------+---------
